cohdb
Replays
Latest Replays
All Replays
Popular Replays
Top Player Replays
Match Explorer
How It Works
Community
CoH3 Stats
Reddit
Sign in to upload your games and track your stats! →
Sign in with Steam
Match 47096566
Unlisted
Match 47096566
Overview
Messages
Build Orders
End
Selects Australian Defense Battlegroup
Selects Australian Light Infantry Section
Australian Light Infantry Section
Construct Section Command Post
Infantry Section
ML 3-inch Mortar Team
Construct Platoon Command Post
Infantry Section
Unlock M3 Stuart Light Tanks
M3 Stuart Light Tank
Grenade Package
Infantry Section
6-pounder Anti-tank Gun Team
Selects Defensive Tactics
Selects Vehicle Over Repair
Construct Company Command Post
Crusader II Medium Tank
Foot Guards Section
Crusader II Medium Tank
A_Smoove
The_Honey_Bear
Steiner
一起白给呀
0
0
Comments
sign in to comment!
No comments posted yet!